 Dungeon Crawl Stone Soup version 0.25-a0-890-g62861fb (webtiles) character file.

Game seed: 3138582377199348210, levelgen mode: deterministic

2099 WarWombat the Cudgeler (level 9, 0/80 HPs)
             Began as a Hill Orc Fighter on May 11, 2020.
             Was a Believer of Wu Jian.
             Slain by a killer bee (2 damage)
             ... on level 8 of the Dungeon.
             The game lasted 00:28:43 (6747 turns).

WarWombat the Cudgeler (Hill Orc Fighter)           Turns: 6747, Time: 00:28:44

Health: 0/80       AC: 12    Str: 20    XL:     9   Next: 28%
Magic:  9/9        EV: 10    Int: 15    God:    Wu Jian [**....]
Gold:   353        SH:  5    Dex: 12    Spells: 8/8 levels left

rFire    + . .     SeeInvis .   v - +6 long sword of the Nine Beds {venom, Int+5}
rCold    + + +     Gourm    .   m - +0 buckler of Dim Light {rC++ rN+ Slay+3 Stlth-}
rNeg     + . .     Faith    .   b - +2 scale mail
rPois    +         Spirit   .   (no helmet)
rElec    +         Reflect  .   (no cloak)
rCorr    +         Harm     .   p - +0 pair of gloves
MR       +....                  (no boots)
Stlth    ..........             (no amulet)
HPRegen  0.23/turn              g - ring of poison resistance
MPRegen  0.11/turn              t - ring of protection from magic

@: resistant, lightly drained
A: fangs 1, rugged brown scales 1, clever 1
a: Wall Jump, Renounce Religion


You were on level 8 of the Dungeon.
You worshipped Wu Jian.
Wu Jian was pleased with you.
You were not hungry.

You visited 2 branches of the dungeon, and saw 9 of its levels.

You collected 366 gold pieces.
You spent 13 gold pieces at shops.

Inventory:

Hand Weapons
 a - a +0 flail
 v - the +6 long sword of the Nine Beds (weapon) {venom, Int+5}
   (You found it on level 6 of the Dungeon)

   It poisons the flesh of those it strikes.
   It affects your intelligence (+5).
Missiles
 e - 248 stones
 q - 4 boomerangs (quivered)
Armour
 b - a +2 scale mail (worn)
 c - a +0 kite shield
 m - the +0 buckler of Dim Light (worn) {rC++ rN+ Slay+3 Stlth-}
   (You found it on level 4 of the Dungeon)

   It affects your accuracy and damage with ranged weapons and melee attacks
   (+3).
   It greatly protects you from cold.
   It protects you from negative energy.
   It makes you less stealthy.
 p - a +0 pair of gloves (worn)
Jewellery
 g - a ring of poison resistance (left hand)
 t - a ring of protection from magic (right hand)
Wands
 n - a wand of flame (6)
 s - a wand of paralysis (9)
 u - a wand of iceblast (9)
 w - a wand of random effects (24)
Scrolls
 h - a scroll of fog
 i - 3 scrolls of identify
 o - 3 scrolls of teleportation
 x - a scroll of remove curse
Potions
 d - 4 potions of might
 j - a potion of stabbing
 k - 5 potions of curing
 l - a potion of resistance
 r - 3 potions of haste
Comestibles
 f - 8 rations


   Skills:
 + Level 6.5 Fighting
 + Level 4.1(4.0) Long Blades
 + Level 7.6 Maces & Flails
 + Level 2.7(2.6) Throwing
 + Level 6.4 Armour
 + Level 2.0 Dodging
 + Level 1.6 Stealth
 + Level 5.0(4.9) Shields
 + Level 0.1 Evocations


You had 8 spell levels left.
You didn't know any spells.
Your spell library was empty.

Dungeon Overview and Level Annotations

Branches:
Dungeon (8/15)             Temple (1/1) D:7            Lair (0/6) D:8

Altars:
Ashenzari
Cheibriados
Dithmenos
Elyvilon
Fedhas
Gozag
Hepliaklqana
Kikubaaqudgha
Makhleb
Nemelex Xobeh
Okawaru
Qazlal
Ru
Sif Muna
Trog
Uskayaw
Vehumet
Wu Jian
Xom
Yredelemnul
Zin
The Shining One

Shops:
D:5 !

Annotations:
D:3 2 transporters, blue13's ghost, amateur DsFi
D:5 2 transporters


Innate Abilities, Weirdness & Mutations

You have very sharp teeth.
You are partially covered in rugged brown scales. (AC +1, +3% HP)
Your mind is acute. (Int +2)


Message History

You hit the death yak but do no damage.
The death yak is poisoned.
Your surroundings suddenly seem different.
A killer bee comes into view.
The killer bee buzzes angrily.
A killer bee comes into view.
The killer bee buzzes angrily.
A killer bee comes into view.
The killer bee buzzes angrily.
A killer bee comes into view.
Found a scale mail and 28 gold pieces.
You feel protected.
A bullfrog zombie comes into view.
You barely miss the killer bee. The killer bee stings you.
* * * LOW HITPOINT WARNING * * *
You block the killer bee's attack. The killer bee barely misses you.
The killer bee stings you but does no damage.
You miss the killer bee.
The killer bee stings you but does no damage.
You block the killer bee's attack. The killer bee stings you.
You die...

### #..##
.... .
##... ..
##...##...
#.$....#..
#yyy....Z.
#@y......
###..[...
...## ...#
... .. .


You could see 4 killer bees and a bullfrog zombie.

Vanquished Creatures
  Pikel (D:5)
  Sigmund (D:5)
  A slave (D:5)
  3 phantoms
  An ice beast (D:6)
  4 ogres
  2 bullfrogs (D:6)
  4 wights (D:7)
  A crimson imp (D:5)
  2 hounds (D:4)
  Crazy Yiuf (D:6)
  A bullfrog skeleton (D:5)
  An orc priest (D:6)
  2 orc wizards
  3 worker ants
  A hound zombie (D:7)
  10 adders
  3 shadow imps
  An ooze (D:4)
  An adder skeleton (D:6)
  A worm (D:2)
  3 dart slugs
  4 leopard geckos
  16 orcs
  6 giant cockroaches
  6 goblins
  6 hobgoblins
  5 jackals
  5 kobolds
  2 quokkas (D:3)
  7 bats
  8 frilled lizards
  12 rats
125 creatures vanquished.

Vanquished Creatures (others)
  A slave (D:5)
  A bullfrog zombie (D:5)
  2 orc wizards (D:5)
  3 orcs (D:5)
7 creatures vanquished.

Grand Total: 132 creatures vanquished

Notes
Turn   | Place    | Note
-------+----------+-------------------------------------------
     0 | D:1      | WarWombat the Hill Orc Fighter began the quest for the Orb.
     0 | D:1      | Reached XP level 1. HP: 19/19 MP: 1/1
   293 | D:1      | Reached XP level 2. HP: 27/27 MP: 2/2
   562 | D:1      | Gained mutation: You have very sharp teeth. [potion of
                  | mutation]
   562 | D:1      | Gained mutation: Your mind is acute. (Int +2) [potion of
                  | mutation]
   562 | D:1      | Gained mutation: You are partially covered in rugged brown
                  | scales. (AC +1, +3% HP) [potion of mutation]
   775 | D:1      | Reached XP level 3. HP: 33/33 MP: 3/3
  1402 | D:2      | Found an ornate altar of the Wu Jian Council.
  1418 | D:2      | Became a worshipper of the Wu Jian Council
  1567 | D:2      | Reached XP level 4. HP: 41/41 MP: 4/4
  1940 | D:3      | Reached skill level 3 in Maces & Flails
  1954 | D:3      | Found a hazy altar of Hepliaklqana.
  2025 | D:3      | Found a faded altar of an unknown god.
  2592 | D:3      | Reached * piety under Wu Jian
  2615 | D:3      | Reached XP level 5. HP: 38/47 MP: 5/5
  2683 | D:3      | Found a transporter.
  2685 | D:3      | Noticed blue13's ghost (amateur DsFi)
  2687 | D:3      | Noticed a hungry ghost
  2715 | D:3      | Found a transporter.
  3203 | D:4      | Found a glowing silver altar of Zin.
  3237 | D:4      | Noticed a phantom
  3327 | D:4      | Killed a phantom
  3327 | D:4      | Reached skill level 4 in Maces & Flails
  3327 | D:4      | Reached skill level 1 in Dodging
  3327 | D:4      | Reached XP level 6. HP: 54/54 MP: 6/6
  3433 | D:4      | Got an encrusted buckler
  3434 | D:4      | Identified the +0 buckler of Dim Light {rC++ rN+ Slay+3
                  | Stlth-} (You found it on level 4 of the Dungeon)
  3470 | D:4      | Noticed a phantom
  3502 | D:4      | Killed a phantom
  3502 | D:4      | Reached skill level 1 in Throwing
  3657 | D:4      | Reached skill level 5 in Maces & Flails
  3657 | D:4      | Reached XP level 7. HP: 36/61 MP: 7/7
  3854 | D:4      | Found a snail-covered altar of Cheibriados.
  4053 | D:5      | Entered Level 5 of the Dungeon
  4174 | D:5      | Reached skill level 5 in Fighting
  4218 | D:5      | Found a transporter.
  4228 | D:5      | Found a transporter.
  4275 | D:5      | Found a blossoming altar of Fedhas.
  4349 | D:5      | Noticed Sigmund
  4369 | D:5      | Killed Sigmund
  4369 | D:5      | Reached skill level 5 in Armour
  4492 | D:5      | Found Zyisawni's Distillery.
  4501 | D:5      | Bought a potion of degeneration for 13 gold pieces
  4564 | D:5      | Reached skill level 6 in Maces & Flails
  4564 | D:5      | Reached XP level 8. HP: 45/70 MP: 8/8
  4795 | D:5      | Noticed Pikel
  4827 | D:5      | Killed Pikel
  4827 | D:5      | Reached skill level 7 in Maces & Flails
  5225 | D:6      | Reached skill level 1 in Stealth
  5272 | D:6      | Got a fine long sword
  5273 | D:6      | Identified the +6 long sword of the Nine Beds {venom,
                  | Int+5} (You found it on level 6 of the Dungeon)
  5368 | D:6      | Found a shimmering altar of Xom.
  5375 | D:6      | Reached skill level 1 in Long Blades
  5382 | D:6      | Reached ** piety under Wu Jian
  5572 | D:6      | Reached skill level 5 in Shields
  5572 | D:6      | Reached XP level 9. HP: 73/77 MP: 9/9
  5605 | D:6      | Found a runed translucent door.
  5606 | D:6      | Noticed Crazy Yiuf
  5808 | D:6      | Found a shimmering altar of Xom.
  5916 | D:6      | Killed Crazy Yiuf
  6143 | D:7      | Found a white marble altar of Elyvilon.
  6193 | D:7      | Found a staircase to the Ecumenical Temple.
  6199 | Temple   | Entered the Ecumenical Temple
  6497 | D:7      | Noticed a moth of wrath
  6501 | D:7      | Found a bloodstained altar of Trog.
  6737 | D:8      | Found a staircase to the Lair.
  6737 | D:8      | Noticed a death yak
  6737 | D:8      | Noticed a death yak
  6737 | D:8      | Noticed a death yak
  6746 | D:8      | HP: 2/80 [killer bee (4)]
  6747 | D:8      | Slain by a killer bee

Levels and vault maps discovered:
D:1:      lemuel_arrival_cross, layout_basic, nrook_loot_triangle
D:2:      layout_basic, overflow_temple_1_default, first_ration
D:3:      layout_loops_corners, lemuel_coloured_pillars_altar,
          chequers_ecumenical_altar_simple, gammafunk_ghost_mausoleum
D:4:      layout_loops_ring, kennysheep_slug_shrine, zin_statuary
D:5:      gammafunk_steamed_eel, layout_basic, serial_shops, nicolae_shop_stone,
          fedhas_altar_fruit_tree, uniq_sigmund, uniq_pikel
D:6:      layout_loops_ring, lemuel_round_altar, tgw_xom,
          uniq_crazy_yiuf_cottage
D:7:      layout_rooms, tgw_trog, lemuel_crystal_altar,
          minmay_temple_entry_enclosed_plants
D:8:      layout_cave_pools, dpeg_lair_monsters, serial_glass, glass_columns_b,
          glass_columns_b, item_on_display_a, st_stairs_14
Temple:   regret_index_temple_waves

Skill      XL: |  1  2  3  4  5  6  7  8  9 |
---------------+----------------------------+-----
Fighting       | 4 5 6 |  6.5
Maces & Flails | 3 4 5 6 7 |  7.6
Armour         | 4 5 6 |  6.4
Shields        | 4 5 |  5.0
Dodging        | 1 2 |  2.0
Throwing       | 1 2 |  2.7
Stealth        | 1 |  1.6
Long Blades    | 2 4 |  4.1
Evocations     | |  0.1

Action                   |  1- 3 |  4- 6 |  7- 9 || total
-------------------------+-------+-------+-------++-------
Melee: Flail             |   128 |   208 |    85 ||   421
       Bite              |       |    21 |    15 ||    36
       Long sword        |       |       |    90 ||    90
Throw: Stone             |    11 |    48 |     6 ||    65
       Boomerang         |       |       |     4 ||     4
Invok: Lunge             |       |     5 |     6 ||    11
       Whirlwind         |       |       |     1 ||     1
Evoke: Wand              |       |       |     2 ||     2
  Use: Scroll            |     5 |     1 |     5 ||    11
       Potion            |     6 |     3 |     4 ||    13
 Stab: Invisible         |     1 |       |       ||     1
       Paralysed         |       |       |     3 ||     3
  Eat: Ration            |     1 |     1 |     3 ||     5
       Chunk             |     1 |     2 |     1 ||     4
Armor: Scale mail        |    64 |   106 |    53 ||   223
Dodge: Dodged            |    34 |    67 |    76 ||   177
Block: Kite shield       |    59 |   105 |       ||   164
       Buckler           |       |     2 |    26 ||    28
       Rpst.: Long sword |       |       |    10 ||    10

Table legend:
 A = Non-vault XP
 B = Vault XP
 C = Vault XP percentage of total XP
 D = Non-vault monster count
 E = Vault monster count
 F = Vault count percentage of total count
                 A         B        C        D         E       F
            +---------+---------+-------+---------+---------+-------
      Total |    2051 |     948 |  31.6 |     112 |      12 |   9.7
            +---------+---------+-------+---------+---------+-------
        D:1 |      35 |       0 |   0.0 |      22 |       0 |   0.0
        D:2 |      64 |       0 |   0.0 |      15 |       0 |   0.0
        D:3 |     103 |       0 |   0.0 |      29 |       0 |   0.0
        D:4 |     555 |       4 |   0.7 |      12 |       1 |   7.7
        D:5 |     280 |     809 |  74.3 |      11 |       2 |  15.4
        D:6 |     572 |     130 |  18.5 |      12 |       4 |  25.0
        D:7 |     442 |       5 |   1.1 |      11 |       5 |  31.2
            +---------+---------+-------+---------+---------+-------
